[ AOE2 MATCH · #506111306 ]
UnrankedMalay vs Britons
Player's team · WIN
Rival team · LOSS
[ REPLAY ANALYSIS · EXTRACTED FROM THE RECORDED GAME ]
Feudal
—
Castle
—
Imperial
—
| APM avg | 68.5 |
| APM peak | 100 |
| eAPM avg | 32.1 |
| Villagers / military | 23 / 3 |
Focus
⚔️ 56.1% · 🌾 43.9%
Militia ×3
Feudal
—
Castle
—
Imperial
—
| APM avg | 60.0 |
| APM peak | 81 |
| eAPM avg | 20.9 |
| Villagers / military | 32 / 0 |
Focus
⚔️ 26.3% · 🌾 73.7%
Match map
Initial resources + every placement click. Lines = walls · curves = elevation contours. ◆ gold · ⬟ stone · ● berries · ✦ relic · ◌ wall gap
Your base
Chagas's base
Smoothed initial terrain · ◌ = detected wall gap · hover for details
Inputs per minute
— F1Re - - Chagas
Build order — F1Re
47 actions detected in the replay
| 0:00 | Create | Villager (Male) |
| 0:01 | Build | House |
| 0:02 | Build | House |
| 0:06 | Create | Villager (Male) |
| 0:23 | Create | Villager (Male) |
| 0:23 | Create | Villager (Male) |
| 1:28 | Create | Villager (Male) |
| 1:53 | Create | Villager (Male) |
| 1:54 | Create | Villager (Male) |
| 2:30 | Create | Villager (Male) |
| 2:30 | Create | Villager (Male) |
| 2:45 | Build | Barracks |
| 2:50 | Create | Villager (Male) |
| 2:59 | Build | House |
| 3:13 | Create | Villager (Male) |
| 3:43 | Create | Villager (Male) |
| 3:54 | Create | Militia |
| 4:06 | Create | Villager (Male) |
| 4:08 | Build | House |
| 4:11 | Build | House |
| 4:23 | Create | Militia |
| 4:38 | Create | Villager (Male) |
| 4:45 | Build | House |
| 4:54 | Create | Villager (Male) |
| 5:15 | Build | Palisade Wall |
| 5:22 | Create | Villager (Male) |
| 5:25 | Create | Militia |
| 5:26 | Build | Palisade Wall |
| 5:28 | Build | Palisade Wall |
| 5:48 | Create | Villager (Male) |
| 6:13 | Create | Villager (Male) |
| 6:35 | Build | Lumber Camp |
| 6:40 | Create | Villager (Male) |
| 7:22 | Create | Villager (Male) |
| 7:38 | Create | Villager (Male) |
| 7:58 | Research | Loom |
| 8:41 | Create | Villager (Male) |
| 8:51 | Build | Mill |
| 9:02 | Research | Feudal Age |
| 9:02 | Research | Feudal Age |
| 9:06 | Create | Villager (Male) |
| 9:31 | Build | Palisade Wall |
| 9:33 | Research | Feudal Age |
| 9:38 | Build | Farm |
| 9:40 | Build | Farm |
| 9:46 | Build | Farm |
| 10:25 | Build | House |
Build order — Chagas
58 actions detected in the replay
| 0:00 | Create | Villager (Male) |
| 0:01 | Create | Villager (Male) |
| 0:01 | Create | Villager (Male) |
| 0:02 | Build | House |
| 0:02 | Create | Villager (Male) |
| 0:04 | Build | House |
| 1:21 | Create | Villager (Male) |
| 1:24 | Build | Lumber Camp |
| 1:48 | Create | Villager (Male) |
| 2:08 | Create | Villager (Male) |
| 2:34 | Create | Villager (Male) |
| 2:54 | Create | Villager (Male) |
| 3:19 | Create | Villager (Male) |
| 3:46 | Create | Villager (Male) |
| 3:46 | Create | Villager (Male) |
| 3:50 | Build | House |
| 4:26 | Create | Villager (Male) |
| 4:31 | Create | Villager (Male) |
| 4:47 | Create | Villager (Male) |
| 5:01 | Build | House |
| 5:28 | Build | Palisade Wall |
| 5:29 | Build | Palisade Wall |
| 5:35 | Build | Palisade Wall |
| 5:36 | Build | Palisade Wall |
| 5:37 | Build | Palisade Wall |
| 5:37 | Build | Palisade Wall |
| 5:47 | Create | Villager (Male) |
| 5:48 | Create | Villager (Male) |
| 5:54 | Create | Villager (Male) |
| 6:09 | Build | Mill |
| 6:12 | Create | Villager (Male) |
| 6:19 | Create | Villager (Male) |
| 6:29 | Create | Villager (Male) |
| 7:04 | Create | Villager (Male) |
| 7:04 | Create | Villager (Male) |
| 7:26 | Create | Villager (Male) |
| 7:26 | Create | Villager (Male) |
| 7:37 | Research | Loom |
| 8:04 | Create | Villager (Male) |
| 8:18 | Build | Mill |
| 8:19 | Create | Villager (Male) |
| 8:34 | Create | Villager (Male) |
| 8:46 | Create | Villager (Male) |
| 8:52 | Create | Villager (Male) |
| 9:07 | Create | Villager (Male) |
| 9:21 | Build | Mining Camp |
| 9:35 | Research | Feudal Age |
| 9:45 | Build | Palisade Wall |
| 9:56 | Build | Palisade Wall |
| 10:13 | Build | Barracks |
| 10:15 | Build | Palisade Wall |
| 10:17 | Build | Palisade Wall |
| 10:18 | Build | Palisade Wall |
| 10:21 | Build | Palisade Wall |
| 10:25 | Create | Villager (Male) |
| 10:31 | Build | Farm |
| 10:34 | Build | Farm |
| 10:36 | Build | Palisade Wall |
Match timeline
| 2:45 | F1Re · first_building Barracks |
| 5:15 | F1Re · wall_segment Palisade Wall x5 |
| 5:26 | F1Re · wall_segment Palisade Wall x1 |
| 5:28 | Chagas · wall_segment Palisade Wall x1 |
| 5:28 | F1Re · wall_segment Palisade Wall x1 |
| 5:29 | Chagas · wall_segment Palisade Wall x1 |
| 5:35 | Chagas · wall_segment Palisade Wall x1 |
| 5:36 | Chagas · wall_segment Palisade Wall x1 |
| 5:37 | Chagas · wall_segment Palisade Wall x1 |
| 5:37 | Chagas · wall_segment Palisade Wall x1 |
| 9:31 | F1Re · wall_segment Palisade Wall x10 |
| 9:45 | Chagas · wall_segment Palisade Wall x1 |
| 9:56 | Chagas · wall_segment Palisade Wall x1 |
| 10:13 | Chagas · first_building Barracks |
| 10:15 | Chagas · wall_segment Palisade Wall x1 |
| 10:17 | Chagas · wall_segment Palisade Wall x1 |
| 10:18 | Chagas · wall_segment Palisade Wall x1 |
| 10:21 | Chagas · wall_segment Palisade Wall x1 |
| 10:36 | Chagas · wall_segment Palisade Wall x1 |
| 10:50 | Chagas · resign |
[ AI ANALYSIS · 1 CREDIT ]
What really happened in this match?
Wolo.gg analyzes every decision: build order, eco, micro, common mistakes by bracket. Personalized analysis on WhatsApp or Discord in 30 seconds.
Civ guide
Malay
Perfil
Jugador #196310